[Event "XXXVIII Benasque Open 2018"]
[Site "Benasque"]
[Date "2018.07.12"]
[Round "8"]
[White "Baklan, Vladimir"]
[Black "Cruz Lledo, Pablo"]
[Result "1-0"]
[ECO "B12"]
[WhiteElo "2595"]
[BlackElo "2443"]
[Annotator "ChessBase"]
[PlyCount "81"]
[EventDate "2018.07.05"]
[EventType "swiss"]
[EventCountry "ESP"]
[SourceTitle "playchess.com"]
[Source "ChessBase"]
[SourceQuality "1"]
[TimeControl "5400+30"]

1. e4 c6 2. d4 d5 3. e5 Bf5 4. Be2 e6 5. Nf3 h6 6. O-O Ne7 7. c3 Nd7 8. Na3 a5 9. Nc2 g5 10. Nfe1 Qc7 11. Bh5 Bg6 12. f4 gxf4 13. Nd3 Bg7 14. Nxf4 Nf8 15. b3 c5 16. Na3 cxd4 17. cxd4 Qc3 18. Bxg6 Nfxg6 19. Rb1 Qb4 20. Nh5 O-O 21. Nc2 Qb6 22. Ne3 Nc6 23. Nxg7 Kxg7 24. Ng4 Rh8 25. Be3 h5 26. Qf3 f5 27. exf6+ Kf7 28. Nf2 Rag8 29. Qh3 Nxd4 30. Rbe1 Ne5 31. Kh1 Ng4 32. Nd3 e5 33. Bg1 Qd6 34. Nxe5+ Nxe5 35. Bxd4 Nc6 36. Bc5 Qxc5 37. Qe6+ Kg6 38. f7+ Kh7 39. fxg8=Q+ Rxg8 40. Rf7+ Rg7 41. Qf5+ 1-0

[Event "XXXVIII Benasque Open 2018"]
[Site "Benasque"]
[Date "2018.07.12"]
[Round "8"]
[White "Kharitonov, Alexandr"]
[Black "Banusz, Tamas"]
[Result "1/2-1/2"]
[ECO "D45"]
[WhiteElo "2564"]
[BlackElo "2607"]
[Annotator "RC"]
[PlyCount "34"]
[EventDate "2018.07.05"]
[EventType "swiss"]
[EventCountry "ESP"]
[SourceTitle "playchess.com"]
[Source "ChessBase"]
[SourceQuality "1"]
[TimeControl "5400+30"]

1. d4 d5 2. c4 c6 3. Nc3 Nf6 4. e3 e6 5. Nf3 a6 6. Qc2 c5 7. cxd5 exd5 8. Be2 Be6 9. O-O Nc6 10. Rd1 Nb4 11. Qd2 Ne4 12. Nxe4 dxe4 13. a3 exf3 14. Bxf3 Nc6 15. d5 Ne5 16. dxe6 Nxf3+ 17. gxf3 fxe6 1/2-1/2

[Event "XXXVIII Benasque Open 2018"]
[Site "Benasque"]
[Date "2018.07.12"]
[Round "8"]
[White "Alvarado Diaz, Alejandro"]
[Black "Chigaev, Maksim"]
[Result "0-1"]
[ECO "A00"]
[WhiteElo "2402"]
[BlackElo "2582"]
[Annotator "RC"]
[PlyCount "48"]
[EventDate "2018.07.05"]
[EventType "swiss"]
[EventCountry "ESP"]
[SourceTitle "playchess.com"]
[Source "ChessBase"]
[SourceQuality "1"]
[TimeControl "5400+30"]

1. g3 g6 2. Bg2 Bg7 3. c3 d6 4. d4 Nf6 5. Nf3 O-O 6. O-O Nbd7 7. Qc2 e5 8. dxe5 dxe5 9. Bg5 h6 10. Bxf6 Qxf6 11. Nbd2 Qe7 12. e4 Nb6 13. Rfe1 a5 14. Nf1 c6 15. Ne3 h5 16. Nd2 Be6 17. Bf1 Bh6 18. Ndc4 Nxc4 19. Nxc4 Qc5 20. Ne3 Rfd8 21. b3 Rd7 22. a3 Rad8 23. b4 Qa7 24. Qa4 b5 0-1

[Event "XXXVIII Benasque Open 2018"]
[Site "Benasque"]
[Date "2018.07.12"]
[Round "8"]
[White "Lalic, Bogdan"]
[Black "Santos Ruiz, Miguel"]
[Result "1/2-1/2"]
[ECO "D43"]
[WhiteElo "2394"]
[BlackElo "2531"]
[Annotator "RC"]
[PlyCount "32"]
[EventDate "2018.07.05"]
[EventType "swiss"]
[EventCountry "ESP"]
[SourceTitle "playchess.com"]
[Source "ChessBase"]
[SourceQuality "1"]
[TimeControl "5400+30"]

1. d4 Nf6 2. c4 e6 3. Nf3 d5 4. Nc3 c6 5. Bg5 h6 6. Bxf6 Qxf6 7. Qc2 Nd7 8. e4 dxe4 9. Qxe4 g6 10. Bd3 Bg7 11. O-O O-O 12. Rfe1 c5 13. d5 e5 14. Qe2 Qe7 15. d6 Qxd6 16. Rad1 Qb8 1/2-1/2